 Dungeon Crawl Stone Soup version 0.26.0-16-gc1dbca0489 (webtiles) character file.

Game seed: 8798071983413685527

814 lmSkywalker the Conjurer (level 7, -3/50 HPs)
             Began as a Pale Draconian Conjurer on Jan 17, 2021.
             Was an Initiate of Vehumet.
             Slain by an orc warrior
             ... wielding a +0 scimitar
              (20 damage)
             ... on level 4 of the Dungeon on Jan 18, 2021.
             The game lasted 00:42:56 (6625 turns).

lmSkywalker the Conjurer (Pale Draconian Conjurer)  Turns: 6625, Time: 00:42:57

Health: -3/50      AC:  8    Str: 10    XL:     7   Next: 62%
Magic:  3/10       EV: 14    Int: 20    God:    Vehumet [......]
Gold:   131        SH:  0    Dex:  9    Spells: 4/10 levels left

rFire    . . .     SeeInvis .   g - +2 hand axe (elec)
rCold    . . .     Faith    .   (no shield)
rNeg     . . .     Spirit   .   (armour unavailable)
rPois    .         Reflect  .   (helmet restricted)
rElec    .         Harm     .   b - +0 cloak
rCorr    .         Rampage  .   x - +0 pair of gloves
Will     .....                  (no boots)
Stlth    ++........             c - amulet of regeneration
HPRegen  0.56/turn              (no ring)
MPRegen  0.12/turn              (no ring)

@: no status effects
A: breathe steam, unfitting armour, cold-blooded, AC +6
a: Breathe Steam, Renounce Religion


You were on level 4 of the Dungeon.
You worshipped Vehumet.
Vehumet was noncommittal.
You visited 2 branches of the dungeon, and saw 6 of its levels.

You collected 131 gold pieces.

Inventory:

Hand Weapons
 g - a +2 hand axe of electrocution (weapon)
Missiles
 q - 110 stones
 B - a throwing net
Armour
 b - a +0 cloak (worn)
 m - a scarf of harm
 x - a +0 pair of gloves (worn)
Jewellery
 c - an amulet of regeneration (around neck)
 t - an uncursed amulet of guardian spirit {unknown}
 v - an uncursed ring of ice
 z - a cursed ring of ice
Wands
 r - a wand of flame (18)
 D - a wand of enslavement (9)
 F - a wand of polymorph (10)
Scrolls
 e - a scroll of blinking {unknown}
 i - 3 scrolls of remove curse
 n - a scroll of enchant weapon {unknown}
 p - 6 scrolls of identify
 s - a scroll of immolation
 u - a scroll of teleportation {unknown}
 w - a scroll of random uselessness {unknown}
 y - a scroll of magic mapping
 A - a scroll of fear
 C - a scroll of amnesia {unknown}
Potions
 a - a potion of invisibility {unknown}
 d - 2 potions of berserk rage
 f - 3 potions of heal wounds
 h - a potion of cancellation {unknown}
 j - a potion of mutation {unknown}
 k - 2 potions of flight {unknown}
 l - 4 potions of curing {unknown}
 o - 4 potions of haste {unknown}
 E - a potion of degeneration {unknown}


   Skills:
 - Level 1.0 Short Blades
 + Level 5.3 Dodging
 - Level 1.7 Stealth
 - Level 2.4 Spellcasting
 + Level 6.9 Conjurations
 - Level 2.0 Hexes


You had 4 spell levels left.
You knew the following spells:

 Your Spells              Type           Power        Failure   Level
a - Magic Dart            Conj           100%         1%          1
b - Searing Ray           Conj           60%          1%          2
c - Dazzling Flash        Conj/Hex       40%          8%          3

Your spell library contained the following spells:

 Spells                   Type           Power        Failure   Level
 Fulminant Prism          Conj/Hex       10%          24%         4
 Iskenderun's Mystic Bla  Conj/Tloc      16%          36%         4


Dungeon Overview and Level Annotations

Branches:
Dungeon (5/15)             Temple (1/1) D:5

Altars:
Elyvilon
Fedhas
Gozag
Hepliaklqana
Kikubaaqudgha
Okawaru
Qazlal
Vehumet
Wu Jian

Annotations:
D:2 exclusion: 3 gnolls
D:3 1 runed translucent door, exclusion: 4 doors, xSliceyx's ghost, amateur GrFi


Innate Abilities, Weirdness & Mutations

You can breathe blasts of scalding, opaque steam.
Your pale cyan-grey scales are hard. (AC +6)
You cannot fit into any form of body armour.
You are cold-blooded and may be slowed by cold attacks.


Message History

Casting: Dazzling Flash (dangerous; 8% risk of failure)
Confirm with . or Enter, or press ? or * to list all spells.
You don't have enough magic to cast that spell.
You hit the orc warrior but do no damage.
The orc warrior is moderately wounded.
The orc warrior misses you.
You hit the orc warrior but do no damage.
Lightning courses through the orc warrior!
The orc warrior is severely wounded.
The orc warrior hits you with a +0 scimitar!
You hit the orc warrior.
The orc warrior is almost dead.
The orc warrior hits you but does no damage.
You closely miss the orc warrior.
The orc warrior is almost dead.
The orc warrior hits you with a +0 scimitar!!
You hit the orc warrior.
Your tail-slap misses the orc warrior.
The orc warrior is almost dead.
The orc warrior hits you with a +0 scimitar!!
You die...

### #.#
############.########****
#......o@............,,,,
#.##########..#######****
*******#.*** #..# * *,,,,,,.>,,*
#..# * *,,,,,...,,* #..# *
*,,,,....,,** #..#*** *
*,,,.....,,,* #..#*,* *
*,,.....o,,,** #..#*,* *****
*,,,,,,,,,,,,******,,**,****,,,*


You could see an orc warrior.

Vanquished Creatures
  3 phantoms
  2 ogres (D:5)
  A sky beast (D:5)
  A hound (D:5)
  A bullfrog skeleton (D:4)
  Natasha (twice) (D:3)
  A hound zombie (D:5)
  A hound skeleton (D:5)
  Robin (D:2)
  3 adders
  An adder zombie (D:5)
  A worm (D:2)
  4 dart slugs
  3 leopard geckos
  3 orcs
  10 bats
  7 giant cockroaches
  17 goblins
  10 hobgoblins
  6 jackals
  7 kobolds
  7 quokkas
  2 frilled lizards
  9 rats
103 creatures vanquished.

Notes
Turn   | Place    | Note
-------+----------+-------------------------------------------
     0 | D:1      | lmSkywalker the Draconian Conjurer began the quest for the
                  | Orb.
     0 | D:1      | Reached XP level 1. HP: 14/14 MP: 3/3
   435 | D:1      | Reached XP level 2. HP: 20/20 MP: 3/5
   746 | D:1      | Learned a level 2 spell: Searing Ray
   951 | D:1      | Reached XP level 3. HP: 26/26 MP: 2/6
  1597 | D:2      | Noticed Robin
  1822 | D:2      | Upgraded the game from 0.26.0-15-gc6cd9f700b to
                  | 0.26.0-16-gc1dbca0489
  1891 | D:2      | Found a faded altar of an unknown god.
  1901 | D:2      | Reached XP level 4. HP: 31/33 MP: 3/7
  1951 | D:2      | Reached skill level 1 in Short Blades
  2451 | D:2      | Killed Robin
  2452 | D:2      | Reached skill level 5 in Conjurations
  2955 | D:3      | Noticed Natasha
  2959 | D:3      | Killed Natasha
  2960 | D:3      | Reached XP level 5. HP: 38/38 MP: 3/8
  3467 | D:3      | Learned a level 3 spell: Dazzling Flash
  3592 | D:3      | Found a runed translucent door.
  3598 | D:3      | Noticed xSliceyx's ghost (amateur GrFi)
  3826 | D:3      | Noticed a black bear
  4130 | D:3      | Noticed Natasha
  4136 | D:3      | Killed Natasha
  4239 | D:4      | Noticed an orc warrior
  4433 | D:4      | Noticed a phantom
  4840 | D:4      | Noticed a phantom
  4852 | D:4      | Killed a phantom
  4853 | D:4      | Reached skill level 1 in Hexes
  4853 | D:4      | Reached XP level 6. HP: 45/45 MP: 0/9
  5064 | D:4      | Found a white marble altar of Elyvilon.
  5421 | D:5      | Entered Level 5 of the Dungeon
  5683 | D:5      | Reached skill level 6 in Conjurations
  5683 | D:5      | Your scales start taking on a pale cyan-grey colour.
  5683 | D:5      | Reached XP level 7. HP: 45/50 MP: 5/10
  5915 | D:5      | Reached skill level 5 in Dodging
  6298 | D:5      | Found a staircase to the Ecumenical Temple.
  6307 | Temple   | Entered the Ecumenical Temple
  6330 | Temple   | Became a worshipper of Vehumet
  6625 | D:4      | Slain by an orc warrior

Illustrated notes

Levels and vault maps discovered:
D:1:      dpeg_arrival_chambers_temple_mockup, layout_basic
D:2:      layout_rooms, chequers_ecumenical_altar_simple,
          minmay_misc_feat_nine_boxes, uniq_robin
D:3:      minmay_wonky_spiral, layout_loops_ring, ebering_ghost_sewer_d,
          minmay_misc_feat_room, dk_noncrumbling_4, uniq_natasha
D:4:      layout_basic, nicolae_overflow_crystal_walls
D:5:      layout_rooms, minmay_temple_entry_poolview,
          kennysheep_opposing_triangles
Temple:   regret_index_temple_chain_breaker

Skill      XL: |  1  2  3  4  5  6  7 |
---------------+----------------------+-----
Dodging        | 2 3 4 5 |  5.3
Short Blades   | 1 |  1.0
Conjurations   | 5 6 |  6.9
Hexes          | 1 2 |  2.0
Stealth        | |  1.7
Spellcasting   | |  2.4

Action                   |  1- 3 |  4- 6 |  7- 9 || total
-------------------------+-------+-------+-------++-------
Melee: Dagger            |   129 |    65 |       ||   194
       Unarmed           |     6 |       |       ||     6
       Tailslap          |     9 |     4 |       ||    13
       Hand axe          |       |    41 |     5 ||    46
 Cast: Magic Dart        |    49 |    71 |     5 ||   125
       Searing Ray       |     2 |    20 |     3 ||    25
       Dazzling Flash    |       |       |     1 ||     1
 Abil: Breathe Steam     |       |       |     3 ||     3
  Use: Scroll            |       |     8 |       ||     8
 Stab: Sleeping          |     1 |       |       ||     1
Armor: Skin              |    76 |    55 |     1 ||   132
Dodge: Dodged            |   103 |   105 |     6 ||   214
